 Dungeon Crawl Stone Soup version 0.27.0-1-g7a089689b8 (webtiles) character file.

Game seed: 2429429683669212338

18 BbI4ka the Covered (level 2, -6/19 HPs)
             Began as a Gargoyle Fighter on Aug 3, 2021.
             Was a Follower of Fedhas.
             Mangled by Crazy Yiuf (11 damage)
             ... on level 2 of the Dungeon.
             The game lasted 00:03:55 (1039 turns).

BbI4ka the Covered (Gargoyle Fighter)               Turns: 1039, Time: 00:03:56

Health: -6/19      AC:  9    Str: 19    XL:     2   Next: 66%
Magic:  2/2        EV:  7    Int:  8    God:    Fedhas [*.....]
Gold:   40         SH:  9    Dex: 15    Spells: 1/1 levels left

rFire    . . .     SeeInvis .   a - +0 flail
rCold    . . .     Faith    .   c - +0 kite shield
rNeg     + . .     Spirit   .   b - +0 scale mail
rPois    ∞         Reflect  .   (no helmet)
rElec    +         Harm     .   (no cloak)
rCorr    .         Rampage  .   (no gloves)
Will     .....                  (no boots)
Stlth    ..........             (no amulet)
HPRegen  0.06/turn              j - +6 ring of dexterity
MPRegen  0.08/turn              (no ring)

@: no status effects
A: sickness immunity, AC +2, negative energy resistance 1, electricity
resistance, torment resistance 1, petrification resistance
a: Renounce Religion


You were on level 2 of the Dungeon.
You worshipped Fedhas.
Fedhas was aware of your devotion.
You visited 1 branch of the dungeon, and saw 2 of its levels.
You visited the Abyss 1 time.

You collected 40 gold pieces.

Inventory:

Hand Weapons
 a - a +0 flail (weapon)
Armour
 b - a +0 scale mail (worn)
 c - a +0 kite shield (worn)
Jewellery
 j - a +6 ring of dexterity (left hand)
Scrolls
 f - a scroll of holy word {unknown}
 g - a scroll of silence {unknown}
 h - a scroll of identify {unknown}
 i - a scroll of vulnerability {unknown}
Potions
 d - 3 potions of might
 k - a potion of brilliance


   Skills:
 + Level 3.4 Fighting
 + Level 2.1 Maces & Flails
 + Level 3.7 Armour
 + Level 3.6 Shields


You had one spell level left.
You didn't know any spells.
Your spell library was empty.

Dungeon Overview and Level Annotations

Branches:
Dungeon (2/15)

Altars:
Fedhas

Annotations:
D:2 Crazy Yiuf


Innate Abilities, Weirdness & Mutations

You are immune to sickness and miasma.
Your stone body is resilient. (AC +2)
You are immune to poison.
You resist negative energy. (rN+)
You are resistant to electric shocks. (rElec)
You are resistant to unholy torment.
You are immune to petrification.


Message History

Fedhas appreciates your contribution to the ecosystem.
No target in view!
No target in view!
You see here a giant cockroach corpse.
You cannot walk through the dense trees.
You open the door. You barely miss Crazy Yiuf. You block Crazy Yiuf's attack.
You sock Crazy Yiuf!
Crazy Yiuf is severely wounded.
Crazy Yiuf hits you with a +4 quarterstaff of chaos!
Ouch! That really hurt!
You are cast into the Abyss!
To return, you must find a gate leading back.
Killing monsters will force the Abyss to allow you passage.
This branch contains the abyssal rune of Zot.
It was a potion of brilliance.
You feel clever all of a sudden.
You start resting.
You feel a little less clever now.
You start resting.
You are suddenly pulled into a different region of the Abyss!
Unknown command.
Found a club.
You see here a +0 club.
Found a gateway leading out of the Abyss.
There is a gateway leading out of the Abyss here.
You pass through the gate.
Welcome back to the Dungeon!
Level annotation: Crazy Yiuf You block Crazy Yiuf's attack.
Crazy Yiuf grits, "Walk!
Paint illywillydillykilly fast."
Crazy Yiuf closely misses you.
You barely miss Crazy Yiuf.
Crazy Yiuf hits you with a +4 quarterstaff of chaos!
Ouch! That really hurt!
* * * LOW HITPOINT WARNING * * *
Crazy Yiuf hits you with a +4 quarterstaff of chaos!
Ouch! That really hurt!
You die...
Fedhas appreciates your contribution to the ecosystem.

####### #.....# #[###.#
### ♣♣####.###.# #)..#♣♣
♣♣.#..>......
#...'@♣♣♣♣.......###.#
#...#♣g.♣......<.###.#
### ♣♣♣.♣..#.....##.#
♣♣♣♣♣##.......#
#....##..
#################.#.##.#
#............##.#.#.##.#
#.###.#...#.....#.#.##..
...#.#.#.#####.......


You could see Crazy Yiuf.

Vanquished Creatures
  A ball python (D:1)
  A bat (D:1)
  A giant cockroach (D:2)
  A goblin (D:1)
  A hobgoblin (D:1)
  4 jackals (D:1)
  A quokka (D:1)
  2 frilled lizards (D:2)
  A kobold (D:2)
  3 rats (D:1)
16 creatures vanquished.

Notes
Turn   | Place    | Note
-------+----------+-------------------------------------------
     0 | D:1      | BbI4ka the Gargoyle Fighter began the quest for the Orb.
     0 | D:1      | Reached XP level 1. HP: 14/14 MP: 1/1
    55 | D:1      | Found a faded altar of an unknown god.
    72 | D:1      | Became a worshipper of Fedhas Madash
    72 | D:1      | Reached * piety under Fedhas
   155 | D:1      | Reached XP level 2. HP: 14/19 MP: 2/2
   783 | D:2      | Found a runed translucent door.
   784 | D:2      | Noticed Crazy Yiuf
   884 | D:2      | Cast into level 1 of the Abyss (Crazy Yiuf)
  1037 | Abyss:1  | Noticed a large abomination
  1038 | D:2      | Escaped the Abyss
  1039 | D:2      | Mangled by Crazy Yiuf

Illustrated notes

Levels and vault maps discovered:
D:1:      dpeg_arrival_stonehenge_8_columns, layout_basic,
          chequers_ecumenical_altar_island
D:2:      layout_basic, basic_altar, uniq_crazy_yiuf_cottage, uniq_sigmund

Action                   || total
-------------------------++-------
Melee: Flail             ||    58
  Use: Potion            ||     1
Armor: Scale mail        ||    29
Dodge: Dodged            ||    22
Block: Kite shield       ||    30
